 Dungeon Crawl Stone Soup version 0.32-a0-42-ga30500b4d3 (webtiles) character file.

Game seed: 13754464394978720165

120 Ceno the Ruffian (level 5, -8/35 HPs)
             Began as an Octopode Shapeshifter on Feb 1, 2024.
             Was an Initiate of Wu Jian.
             Mangled by a gnoll
             ... wielding a +0 halberd
              (9 damage)
             ... on level 3 of the Dungeon.
             The game lasted 00:11:45 (2090 turns).

Ceno the Ruffian (Octopode Shapeshifter)            Turns: 2090, Time: 00:11:45

Health: -8/35      AC:  1    Str: 13    XL:     5   Next: 4%
Magic:  5/5        EV: 13    Int: 15    God:    Wu Jian [......]
Gold:   140        SH:  0    Dex: 11    Spells: 4/4 levels left

rFire   . .          .
                       - Unarmed
rCold   . . .        (no shield)
rNeg    + . .        (helmet currently unavailable)
rPois   .            (no amulet)
rElec   .            g - ring of positive energy
rCorr   .            (no ring)
SInv    .            (no ring)
Will    .....        (no ring)
Stlth   +++          (no ring)
HPRegen 0.25/turn    (no ring)
MPRegen 0.09/turn    (no ring)
                     (no ring)

%: no passive effects
@: beast-form
A: beast (slay +2), almost no armour, amphibious, 8 rings, camouflage 1,
gelatinous body 1, (nimble swimmer 1), tentacles
a: Begin Untransformation, Renounce Religion


You were on level 3 of the Dungeon.
You worshipped Wu Jian.
Wu Jian was noncommittal.
You were a hulking beast.
You visited 1 branch of the dungeon, and saw 3 of its levels.

You collected 140 gold pieces.

Inventory:

Missiles
 i - 3 boomerangs
 j - 18 stones (quivered)
 o - a throwing net
Jewellery
 g - a ring of positive energy (left tentacle)
Talismans
 b - a beast talisman
 c - a flux talisman
Scrolls
 f - a scroll of identify {unknown}
 h - a scroll of teleportation
 m - a scroll of fog {unknown}
 p - a scroll of blinking {unknown}
 s - a scroll of fear {unknown}
Potions
 a - a potion of lignification
 d - a potion of ambrosia {unknown}
 e - a potion of cancellation {unknown}
 k - 2 potions of degeneration {unknown}
 l - a potion of magic {unknown}
 n - 2 potions of curing {unknown}
 q - a potion of berserk rage {unknown}
 r - a potion of attraction {unknown}


   Skills:
 + Level 2.4 Fighting
 - Level 2.0 Dodging
 + Level 3.0 Stealth
 + Level 3.7 Unarmed Combat
 + Level 3.6 Shapeshifting


You had 4 spell levels left.
You didn't know any spells.
Your spell library contained the following spells:

 Spells                   Type           Power      Damage    Failure   Level
 Magic Dart               Conj           0%         1d3       26%         1
 Searing Ray              Conj           0%         2d4       38%         2
 Fulminant Prism          Conj/Alch      0%         3d5       95%         4
 Summon Forest            Summ/Tloc      0%         N/A       100%        5
 Eringya's Noxious Bog    Alch           0%         4d6       100%        6
 Summon Hydra             Summ           0%         N/A       100%        7


Dungeon Overview and Level Annotations

Branches:
Dungeon (3/15)

Altars:
Vehumet
Wu Jian

Annotations:
D:2 Sigmund


Innate Abilities, Weirdness & Mutations

You are a hulking beast.
Your limbs bulge with bestial killing power. (Slay +2)
You cannot wear most types of armour.
You are amphibious.
You can wear up to eight rings at the same time.
Your skin changes colour to match your surroundings (Stealth+).
Your rubbery body absorbs attacks. (AC +1, EV +1)
((You are camouflaged when in or above water. (Stealth+)))
You have tentacles for arms and can constrict up to eight enemies at once.


Message History

You bludgeon the gnoll! Your grab misses the gnoll.
The gnoll is severely wounded.
The gnoll shouts!
There is an open door here.
You lunge at the gnoll.
You tentacle-slap the gnoll. Your grab misses the gnoll.
The gnoll is almost dead.
The gnoll hits you with a +0 spear! The gnoll misses you.
Unknown command.
You completely miss the gnoll. Your grab misses the gnoll.
Your squeeze misses the gnoll.
The gnoll is almost dead.
The gnoll hits you with a +0 spear.
The gnoll hits you from afar with a +0 halberd.
The gnoll hits you but does no damage. The gnoll attacks as it pursues you!
The gnoll closely misses you.
You lunge at the gnoll.
You tentacle-slap the gnoll.
You kill the gnoll!
The Council accepts your kill.
Your Stealth skill increases to level 3!
You have reached level 5!
You feel clever.
You are too injured to fight recklessly!
You barely miss the gnoll. Your grab misses the gnoll. You squeeze the gnoll!
The gnoll is almost dead.
The gnoll hits you with a +0 club!
* * * LOW HITPOINT WARNING * * *
The gnoll hits you from afar with a +0 halberd.
* * * LOW HITPOINT WARNING * * *
You tentacle-slap the gnoll but do no damage.
Your grab misses the gnoll.
The gnoll is almost dead.
The gnoll misses you.
The gnoll hits you from afar with a +0 halberd.
* * * LOW HITPOINT WARNING * * *
You tentacle-slap the gnoll. Your grab misses the gnoll.
The gnoll is almost dead.
The gnoll barely misses you.
The gnoll hits you from afar with a +0 halberd!
You die...

### ####.# .....## ###
####.<# ##8## #########
......###...## #.......#
......##8...8# #.......#
......##.....#### #.......#
......#8.._.....###...!...#
.#.>..##.....##.hggg.$.....
.##.#.##8...8#.####.......#
###...###...##..# #........
##.##.##8####.# #........
#.##.####..#.###.(......
#.##.....#.#...########.
####......#.....#.#
............#.#.#.#
###.......#.#.#.#.# ##.....


You could see 3 gnolls.

Vanquished Creatures
  5 gnolls
  2 adders
  A dart slug (D:3)
  3 orcs (D:3)
  5 endoplasms
  A giant cockroach (D:2)
  5 goblins
  3 hobgoblins
  6 jackals
  4 kobolds
  2 quokkas
  4 ball pythons
  2 bats (D:1)
  2 frilled lizards (D:2)
  5 rats
50 creatures vanquished.

Notes
Turn   | Place    | Note
-------+----------+-------------------------------------------
     0 | D:1      | Ceno the Octopode Shapeshifter began the quest for the Orb.
     0 | D:1      | Reached XP level 1. HP: 13/13 MP: 1/1
   202 | D:1      | Reached skill level 1 in Stealth
   202 | D:1      | Reached XP level 2. HP: 18/18 MP: 2/2
   742 | D:2      | Reached XP level 3. HP: 23/23 MP: 3/3
  1129 | D:1      | Reached XP level 4. HP: 22/29 MP: 4/4
  1341 | D:2      | Found the +8 demon trident "Rift" {distort, reach+}
  1343 | D:2      | Noticed Sigmund
  1676 | D:3      | Found a radiant altar of Vehumet.
  2063 | D:3      | Found an ornate altar of the Wu Jian Council.
  2069 | D:3      | Became a worshipper of the Wu Jian Council
  2088 | D:3      | Reached XP level 5. HP: 17/35 MP: 5/5
  2089 | D:3      | HP: 1/35 [gnoll/+0 halberd (6)]
  2090 | D:3      | Mangled by a gnoll

Illustrated notes

Levels and vault maps discovered:
D:1:      minmay_arrival_doors, layout_loops_cross, serial_bayou,
          serial_bayou_pond_b, serial_bayou_shore_a, serial_bayou_lagoon_b,
          serial_bayou_crossing, chequers_serial_rivers_micro_e,
          serial_bayou_pond_c
D:2:      layout_basic, nicolae_grassy_gnolls, uniq_sigmund
D:3:      layout_basic, nzn_wu_jian_council_hall,
          mainiacjoe_overflow_six_doors_small,
          shapermc_ecumenical_altar_mp_highgroup, minmay_misc_feat_iff,
          dreamdust_mushroom_princess

Skill      XL: |  1  2  3  4 |
---------------+-------------+-----
Stealth        | 1 2 3 |  3.0
Fighting       | 2 |  2.4
Dodging        | |  2.0
Unarmed Combat | |  3.7
Shapeshifting  | |  3.6

Action                     |  1- 3 |  4- 6 || total
---------------------------+-------+-------++-------
  Melee: Unarmed           |    46 |    48 ||    94
         Constrict         |    13 |    10 ||    23
         Tentacles         |     9 |     8 ||    17
         Punch             |     1 |       ||     1
  Throw: Stone             |     1 |     3 ||     4
Ability: Lunge             |       |     3 ||     3
    Use: Scroll            |     1 |       ||     1
   Stab: Sleeping          |    10 |     4 ||    14
 Armour: Skin              |     7 |    18 ||    25
  Dodge: Dodged            |    14 |    25 ||    39

Table legend: (Time is in decaauts)
 A = Elapsed time spent in this place.
 B = Non-inter-level travel time spent in this place.
 C = Inter-level travel time spent in this place.
 D = Time resting spent in this place.
 E = Time spent auto-exploring this place.
 F = Levels seen in this place.
 G = Mean time per level.
                   A        B        C        D        E       F      G
               +--------+--------+--------+--------+--------+-----+--------+
         Total |   2087 |   1992 |     95 |    121 |    895 |   3 |  695.7 |
       Dungeon |   2087 |   1992 |     95 |    121 |    895 |   3 |  695.7 |
               +--------+--------+--------+--------+--------+-----+--------+

Top non-repeatable levels by time:
     D:1: 808 daAuts
     D:2: 803 daAuts
     D:3: 475 daAuts
